 Dungeon Crawl Stone Soup version 0.22-a0-149-g870e420 (webtiles) character file.

133 KristoblXynda the Slasher (level 4, -1/36 HPs)
             Began as a Draconian Skald on Feb 7, 2018.
             Succumbed to an orc wizard's poison
             ... on level 3 of the Dungeon.
             The game lasted 00:04:27 (2284 turns).

KristoblXynda the Slasher (Draconian Skald)         Turns: 2284, Time: 00:04:28

Health: -1/36      AC:  6    Str: 14    XL:     4   Next: 94%
Magic:  7/7        EV: 12    Int: 14    God:
Gold:   165        SH:  0    Dex:  8    Spells: 6/7 levels left

rFire    + . .     SeeInvis .   a - +0 falchion
rCold    + . .     Gourm    .   (no shield)
rNeg     . . .     Faith    .   (armour unavailable)
rPois    +         Spirit   .   (helmet restricted)
rElec    .         Reflect  .   (no cloak)
rCorr    .         Harm     .   (no gloves)
MR       .....                  m - +0 pair of boots
Stlth    +.........             (no amulet)
HPRegen  0.12/turn              i - ring of poison resistance
MPRegen  0.10/turn              l - +3 ring of evasion

@: lethally poisoned (-1 -> -21), constricted
A: unfitting armour, antennae 1, clumsy 1, cold resistance 1, fire resistance 1,
cold-blooded, AC +5
a: no special abilities


You were on level 3 of the Dungeon.
You were not hungry.

You visited 1 branch of the dungeon, and saw 3 of its levels.

You collected 165 gold pieces.

Inventory:

Hand Weapons
 a - a +0 falchion (weapon)
Armour
 m - a +0 pair of boots (worn)
Jewellery
 i - a ring of poison resistance (left hand)
 l - a +3 ring of evasion (right hand)
Scrolls
 d - a scroll of teleportation {unknown}
 g - 3 scrolls of identify {unknown}
 j - 2 scrolls of remove curse
 k - 2 scrolls of amnesia {unknown}
 n - a scroll of random uselessness {unknown}
Potions
 h - a potion of flight {unknown}
Books
 b - a book of Battle

   Spells                             Type                      Level
   a - Infusion                       Charms                       1
   b - Shroud of Golubria             Charms/Translocation         2
   c - Song of Slaying                Charms                       2
   d - Spectral Weapon                Hexes/Charms                 3
   e - Regeneration                   Charms/Necromancy            3
Comestibles
 c - 4 rations
 p - a chunk of flesh


   Skills:
 - Level 2.1 Fighting
 * Level 3.9 Long Blades
 + Level 3.0 Dodging
 - Level 2.0 Spellcasting
 + Level 3.4 Charms


You had 6 spell levels left.
You knew the following spells:

 Your Spells              Type           Power        Failure   Level  Hunger
a - Infusion              Chrm           ##..         6%          1    ##.....


Dungeon Overview and Level Annotations

Branches:
Dungeon (3/15)

Altars:


Innate Abilities, Weirdness & Mutations

Your plain brown scales are hard. (AC +5)
You cannot fit into any form of body armour.
You are cold-blooded and may be slowed by cold attacks.
You have a pair of small antennae on your head.
You are clumsy. (Dex -2)
Your flesh is cold resistant. (rC+)
Your flesh is heat resistant. (rF+)


Message History

You feel sick.
The ball python bites you but does no damage.
The ball python constricts you.
You hear some strange, mumbled words.
A puff of flame appears from out of thin air!
The puff of flame hits you!
* * * LOW HITPOINT WARNING * * *
You closely miss something.
* * * LOW HITPOINT WARNING * * *
You feel sick. The ball python barely misses you.
The ball python constricts you. Something hits you.
* * * LOW HITPOINT WARNING * * *
You are more poisoned.
The ball python closely misses you.
* * * LOW HITPOINT WARNING * * *
The ball python constricts you.
It was a potion of mutation.
You feel extremely strange.
You feel clumsy.
You feel resistant to cold. A pair of antennae grows on your head!
You feel resistant to heat.
You die...

#.##.#.########
# ##.## #...##
#....# # #....#
#. ####.# #.#
#.#
#.$####.######
#.){@S.......#
#######........
######.## ..


You could see a ball python.

Vanquished Creatures
  4 adders
  5 worms
  4 dart slugs
  A leopard gecko (D:2)
  2 orcs (D:3)
  7 giant cockroaches
  4 goblins
  8 hobgoblins
  4 jackals (D:3)
  7 kobolds
  A quokka (D:2)
  2 ball pythons
  8 bats
  5 frilled lizards
  10 rats
72 creatures vanquished.

Notes
Turn   | Place    | Note
-------+----------+-------------------------------------------
     0 | D:1      | KristoblXynda the Draconian Skald began the quest for the Orb.
     0 | D:1      | Reached XP level 1. HP: 17/17 MP: 3/3
   105 | D:1      | Reached XP level 2. HP: 13/24 MP: 5/5
   681 | D:1      | Reached XP level 3. HP: 28/29 MP: 6/6
  1579 | D:2      | Reached XP level 4. HP: 36/36 MP: 7/7
  2283 | D:3      | HP: 1/36 [ball python (1)]
  2284 | D:3      | Gained mutation: You are clumsy. (Dex -2) [potion of mutation]
  2284 | D:3      | Gained mutation: Your flesh is cold resistant. (rC+) [potion of mutation]
  2284 | D:3      | Gained mutation: You have a pair of small antennae on your head. [potion of mutation]
  2284 | D:3      | Gained mutation: Your flesh is heat resistant. (rF+) [potion of mutation]
  2284 | D:3      | Succumbed to an orc wizard's poison

Vault maps used:
D:1:      co_arrival_random_square_maze
D:3:      first_ration

Skill      XL: |  1  2  3  4 |
---------------+-------------+-----
Charms         | 3 |  3.4
Long Blades    | 3 |  3.9
Dodging        | 3 |  3.0
Fighting       | |  2.1
Spellcasting   | |  2.0

Action                   |  1- 3 |  4- 6 || total
-------------------------+-------+-------++-------
Melee: Falchion          |   167 |   109 ||   276
       Tailslap          |    12 |    14 ||    26
  Use: Potion            |       |     2 ||     2
       Scroll            |       |     1 ||     1
 Stab: Sleeping          |     2 |       ||     2
  Eat: Chunk             |     3 |     2 ||     5
Armor: Skin              |    61 |    32 ||    93
Dodge: Dodged            |   125 |    95 ||   220
       Rpst.: Falchion   |    41 |    32 ||    73

Table legend:
 A = Spawn XP
 B = Non-spawn XP
 C = Spawn XP percentage of total XP
 D = Spawn monster count
 E = Non-spawn monster count
 F = Spawn count percentage of total count
 G = Total turns spent on level
                    A         B        C        D         E        F      G
               +---------+---------+-------+---------+---------+-------+---------
         Total |       0 |     191 |   0.0 |       0 |      72 |   0.0 |  2284
               +---------+---------+-------+---------+---------+-------+---------
           D:1 |       0 |      47 |   0.0 |       0 |      26 |   0.0 |  1033
           D:2 |       0 |      81 |   0.0 |       0 |      29 |   0.0 |   968
           D:3 |       0 |      63 |   0.0 |       0 |      17 |   0.0 |   283
               +---------+---------+-------+---------+---------+-------+---------
